 Dungeon Crawl Stone Soup version 0.15-a0-1293-g4a08026 (webtiles) character file.

1547 Quh the Magician (level 8, -15/56 HPs)
             Began as a Demonspawn Wizard on June 6, 2014.
             Demolished by an iron devil
             ... wielding a +0,+0 battleaxe
              (23 damage)
             ... on Level 6 of the Dungeon.
             The game lasted 00:36:17 (6122 turns).

Quh the Magician (Demonspawn Wizard)                Turns: 6122, Time: 00:36:17

HP -15/56        AC  5     Str 14      XL: 8   Next: 57%
MP   0/20        EV 12     Int 22      God:
Gold 407         SH  0     Dex 12      Spells:  6 memorised,  4 levels left

rFire  + . .     SeeInvis .     N - +12,+9 short sword "Fogas" {freeze, rF+ Str+2}
rCold  . . .     Clarity  .     C - +0 robe
rNeg   . . .     rCorr    .     (no shield)
rPois  .         rRot     .     b - +0 hat
rElec  .         Spirit   +     s - +0 cloak
SustAb .         Warding  .     (no gloves)
rMut   .         Stasis   .     (no boots)
Gourm  .                        (no amulet)
MR     .....                    (no ring)
                                (no ring)

@: mighty, not resistant to hostile enchantments, unstealthy
A: horns 1, yellow scales 1, spiny 1, magic shield, magic regeneration
a: no special abilities


You were on level 6 of the Dungeon.
You were hungry.

You visited 1 branch of the dungeon, and saw 6 of its levels.
You also visited: Sewer.

You collected 407 gold pieces.

Inventory:

Hand weapons
 h - a +1,+4 dagger of electrocution
 p - a +4,+2 quarterstaff of chaos
 t - a +0,+0 hammer
 I - a +2,+1 dagger of electrocution
 M - a +2,+2 dagger of freezing
 N - the +12,+9 short sword "Fogas" (weapon) {freeze, rF+ Str+2}
   (You found it on level 4 of the Dungeon)

   It has been specially enchanted to freeze those struck by it, causing extra
   injury to most foes and up to double damage against particularly susceptible
   opponents.
   It can also slow down cold-blooded creatures.
   It affects your strength (+2).
   It protects you from fire.
 U - a +0,+0 shortbow
Missiles
 g - 32 stones (quivered)
 w - 4 javelins
 z - 107 arrows
 H - 8 poisoned arrows
Armour
 a - a +0 robe
 b - a +0 hat (worn)
 n - a +0 robe
 s - a +0 cloak (worn)
 C - a +0 robe (worn)
 K - a cursed +0 robe
Magical devices
 r - a wand of enslavement (10) {unknown}
Comestibles
 d - 3 bread rations
 m - 4 meat rations
 T - 4 fruits
Scrolls
 e - a scroll of recharging {unknown}
 f - 2 scrolls of identify
 i - a scroll of enchant armour {unknown}
 k - 2 scrolls of teleportation
 l - a scroll of remove curse {unknown}
 u - 2 scrolls of enchant weapon I
 x - a scroll of magic mapping
 y - a scroll of enchant weapon II {unknown}
 D - a scroll of random uselessness {unknown}
 F - a scroll of fear {unknown}
 G - a scroll of fog {unknown}
 L - a scroll of noise {unknown}
 S - a scroll of immolation {unknown}
 V - 2 scrolls of amnesia {unknown}
 W - a scroll of blinking {unknown}
Potions
 q - a potion of paralysis {unknown}
 v - a potion of agility
 A - a potion of brilliance {unknown}
 B - 2 potions of restore abilities
 E - a potion of mutation {unknown}
 J - 3 potions of invisibility
 O - 2 potions of flight
 P - a potion of degeneration {unknown}
 Q - 2 potions of curing {unknown}
 R - a potion of haste
Books
 c - a book of Minor Magic

   Spells                             Type                      Level
   *Magic Dart                        Conjuration                  1
   *Blink                             Translocation                2
   *Call Imp                          Summoning                    2
   *Repel Missiles                    Charms/Air                   2
   Slow                               Hexes                        2
   *Conjure Flame                     Conjuration/Fire             3
   *Mephitic Cloud                    Conjuration/Poison/Air       3


   Skills:
 * Level 1.9 Fighting
 * Level 2.0 Short Blades
 * Level 2.7 Dodging
 - Level 1.7 Stealth
 - Level 5.2 Spellcasting
 * Level 5.0 Conjurations
 - Level 1.0 Summonings
 * Level 4.2 Translocations
 - Level 3.1 Air Magic
 - Level 3.5 Poison Magic


You had 4 spell levels left.
You knew the following spells:

 Your Spells              Type           Power        Failure   Level  Hunger
a - Magic Dart            Conj           ####         1%          1    None
b - Blink                 Tloc           N/A          2%          2    None
c - Call Imp              Summ           ##......     12%         2    None
d - Mephitic Cloud        Conj/Pois/Air  ###.....     8%          3    ##.....
e - Repel Missiles        Chrm/Air       ##....       10%         2    None
f - Conjure Flame         Conj/Fire      ###.....     12%         3    ##.....


Dungeon Overview and Level Annotations

Branches:
Dungeon (6/15)
 Temple: D:4-7

Altars:
Cheibriados
Beogh


Innate Abilities, Weirdness & Mutations

You have a pair of small horns on your head.
You are partially covered in yellow scales (AC +2).
You are partially covered in sharp spines.
When hurt, damage is shared between your health and your magic reserves.
You regenerate magic rapidly.


Message History

You headbutt the iron devil.
The iron devil is severely wounded.
The iron devil completely misses you. The iron devil barely misses you.
You slash the iron devil!
The iron devil is almost dead.
The iron devil hits you with a battleaxe.
The iron devil barely misses you.
You hit the iron devil but do no damage.
You headbutt the iron devil.
The iron devil is almost dead.
The iron devil hits you with a battleaxe!
* * * LOW HITPOINT WARNING * * *
The iron devil hits you with a battleaxe.
* * * LOW HITPOINT WARNING * * *
Drink which item? (? for menu, Esc to quit)
You feel much better.
The iron devil hits you with a battleaxe!
* * * LOW HITPOINT WARNING * * *
The iron devil hits you with a battleaxe!!
You die...

# #. ### .# #
..#$ ##>##
.#..
#...#...#...#
#..#<.<#..#
#....@..?.#
####.4.####
#.5.# #...#
#...# #!..#
#...# #...#
#...#


You could see an iron devil and a crimson imp.

Vanquished Creatures
  Prince Ribbit (D:4)
  Menkaure (D:4)
  The ghost of oplop the Sneak, an average VSEn (D:4)
  Purgy (Sewer)
  An ice beast (D:5)
  A phantom (D:5)
  A centaur (D:5)
  3 ogres
  A giant frog (D:4)
  A goliath beetle (D:5)
  3 orc priests
  3 hounds
  Crazy Yiuf (D:2)
  4 worker ants
  Ijyb (D:2)
  An ogre skeleton (D:4)
  8 adders
  A worm (D:4)
  4 giant geckos
  4 oozes
  8 orcs
  A ball python (D:4)
  2 giant cockroaches
  A gnoll zombie (D:5)
  11 goblins
  8 hobgoblins
  16 kobolds
  2 quokkas
  9 bats
  A giant gecko skeleton (D:5)
  6 giant newts
  A goblin skeleton (D:5)
  4 jackals
  A kobold skeleton (D:4)
  13 rats
  A rat skeleton (D:4)
127 creatures vanquished.

Vanquished Creatures (collateral kills)
  An ogre (D:4)
  An ogre zombie (D:5)
  An adder (D:2)
3 creatures vanquished.

Vanquished Creatures (others)
  7 crimson imps
  5 shadow imps
  9 white imps
21 creatures vanquished.

Grand Total: 151 creatures vanquished

Notes
Turn   | Place    | Note
--------------------------------------------------------------
     0 | D:1      | Quh, the Demonspawn Wizard, began the quest for the Orb.
     0 | D:1      | Reached XP level 1. HP: 13/13 MP: 4/4
   512 | D:1      | Gained mutation: You are partially covered in sharp spines. [demonic ancestry]
   512 | D:1      | Reached XP level 2. HP: 16/19 MP: 1/6
  1288 | D:2      | Gained mutation: You are partially covered in yellow scales (AC +2). [demonic ancestry]
  1288 | D:2      | Reached XP level 3. HP: 24/24 MP: 4/8
  1639 | D:2      | Noticed Ijyb
  1651 | D:2      | Killed Ijyb
  1661 | D:2      | Learned a level 2 spell: Blink
  1664 | D:2      | Learned a level 2 spell: Call Imp
  1668 | D:2      | Learned a level 3 spell: Mephitic Cloud
  1684 | D:2      | Reached skill level 1 in Translocations
  1793 | D:2      | Noticed Crazy Yiuf
  1941 | D:2      | Killed Crazy Yiuf
  1941 | D:2      | Gained mutation: When hurt, damage is shared between your health and your magic reserves. [demonic ancestry]
  1941 | D:2      | Reached XP level 4. HP: 26/30 MP: 1/10
  2128 | D:2      | Reached skill level 4 in Spellcasting
  2387 | D:3      | Learned a level 2 spell: Repel Missiles
  2425 | D:3      | Reached skill level 1 in Poison Magic
  2425 | D:3      | Gained mutation: You have a pair of small horns on your head. [demonic ancestry]
  2425 | D:3      | Reached XP level 5. HP: 29/35 MP: 4/13
  2569 | D:3      | Reached skill level 1 in Air Magic
  3142 | D:4      | Got a pitted short sword
  3143 | D:4      | Identified the +12,+9 short sword "Fogas" {freeze, rF+ Str+2} (You found it on level 4 of the Dungeon)
  3154 | D:4      | Noticed an ogre
  3164 | D:4      | Killed an ogre
  3180 | D:4      | Found a roughly hewn altar of Beogh.
  3409 | D:4      | Gained mutation: You regenerate magic rapidly. [demonic ancestry]
  3409 | D:4      | Reached XP level 6. HP: 23/41 MP: 1/15
  3491 | D:4      | Noticed Prince Ribbit
  3492 | D:4      | Noticed an ogre
  3526 | D:4      | Killed an ogre
  3527 | D:4      | Killed Prince Ribbit
  3527 | D:4      | Reached XP level 7. HP: 4/46 MP: 3/17
  3533 | D:4      | Found a glowing drain.
  3575 | Sewer    | Entered a sewer
  3910 | Sewer    | Noticed Purgy
  3921 | Sewer    | Killed Purgy
  4053 | D:4      | Noticed oplop's ghost (average VSEn)
  4062 | D:4      | Killed oplop's ghost
  4215 | D:4      | Noticed Menkaure
  4215 | D:4      | Noticed an ogre
  4440 | D:4      | Reached skill level 5 in Spellcasting
  4621 | D:4      | Killed an ogre
  4679 | D:4      | Killed Menkaure
  4982 | D:5      | Entered Level 5 of the Dungeon
  5009 | D:5      | Reached XP level 8. HP: 45/52 MP: 17/20
  5076 | D:5      | Learned a level 3 spell: Conjure Flame
  5306 | D:5      | Reached skill level 1 in Fighting
  5348 | D:5      | Reached skill level 1 in Short Blades
  5447 | D:5      | Found a snail-covered altar of Cheibriados.
  5821 | D:5      | Found a snail-covered altar of Cheibriados.
  5953 | D:5      | Reached skill level 5 in Conjurations
  6099 | D:6      | Noticed an iron devil
  6121 | D:6      | HP: 2/56 [iron devil/battleaxe (5)]
  6122 | D:6      | Demolished by an iron devil

Action                   |  1- 3 |  4- 6 |  7- 9 || total
-------------------------+-------+-------+-------++-------
Melee: Dagger            |    29 |    13 |       ||    42
       Unarmed           |     3 |       |       ||     3
       Short sword       |       |    15 |    76 ||    91
 Cast: Magic Dart        |    50 |    50 |   110 ||   210
       Call Imp          |     8 |    11 |    39 ||    58
       Mephitic Cloud    |     1 |     1 |     7 ||     9
       Blink             |       |     5 |     3 ||     8
  Use: Scroll            |       |     3 |     7 ||    10
       Potion            |       |       |     4 ||     4
 Stab: Sleeping          |       |       |     1 ||     1
